TORONTO vs NEW YORK I

Created - Wednesday, January 03, 2018 at 21:15

Goals
1 2 3 T
TORONTO 2 0 1 3
NEW YORK I 2 1 2 5
Shots
1 2 3 T
TORONTO 10 10 8 28
NEW YORK I 17 19 9 45

1st period

1. NEW YORK I , Patrick Eaves 14 (Brandon Saad 21, Logan Couture 24) at 7:32
2. TORONTO , Brent Seabrook 5 (Nic Dowd 6, Drake Caggiula 7) at 8:14
3. TORONTO , Ales Hemsky 7 (Drake Caggiula 8, Nic Dowd 7) at 13:30
4. NEW YORK I , Logan Couture 18 (Brandon Saad 22, Johnny Boychuk 15) at 19:59

Penalties :
Patrick Eaves (NYI) for Hooking (Minor) at 8:48

2nd period

5. NEW YORK I , Patrick Maroon 7 (Ryan Strome 11, Sean Monahan 23) at 3:56

Penalties :
Drake Caggiula (TOR) for Hooking (Minor) at 18:36

3rd period

6. NEW YORK I , Patrick Eaves 15 (Dan Hamhuis 11, Radko Gudas 17) at 6:26 (PP)
7. TORONTO , Brayden Point 5 (Mark Scheifele 11) at 15:23 (PP)
8. NEW YORK I , Mark Letestu 8 (Johnny Boychuk 16, Austin Watson 4) at 19:58 (Empty Net)

Penalties :
Ryan White (TOR) for Interference (Minor) at 4:39, Marcus Foligno (NYI) for Hooking (Minor) at 6:32, Mark Letestu (NYI) for Hooking (Minor) at 11:06, Jason Garrison (NYI) for Hooking (Minor) at 15:17, Johnny Boychuk (NYI) for Goalie Interference (Minor) at 17:15

Goalie Stats

Michal Neuvirth (TOR), 40 saves from 44 shots - (0.909), L, 4-6-0, 59:19 minutes
Jacob Markstrom (NYI), 25 saves from 28 shots - (0.893), W, 16-7-1, 60:00 minutes

Players Stats for TORONTO

Player Name              G  A  P  +/- PIM S  H  SB GA TA FO     MP     PP MP  PK MP  
------------------------------------------------------------------------------------
Ales Hemsky              1  0  1   0  0   2  0  1  0  0  0/1    14:01   3:47   0:00 
Brayden Point            1  0  1   0  0   2  0  0  0  0  1/1    17:51   4:05   0:00 
Brent Seabrook           1  0  1   0  0   3  2  1  0  0  0/0    25:09   4:15   2:07 
Drake Caggiula           0  2  2  -1  2   1  0  0  0  0  0/0    11:07   0:10   0:00 
Jake Dotchin             0  0  0  -1  0   1  0  1  0  0  0/0    15:46   0:00   0:00 
Jarome Iginla            0  0  0   0  0   5  2  1  0  0  1/1    19:14   3:47   0:00 
Joshua Morrissey         0  0  0   0  0   0  4  0  0  0  0/0    25:09   4:15   2:07 
Mark Borowiecki          0  0  0  -1  0   1  3  0  0  0  0/0    13:39   0:00   0:00 
Mark Scheifele           0  1  1  -1  0   0  0  1  0  0  18/33  23:24   4:05   3:08 
Matt Hendricks           0  0  0  -1  0   2  0  0  0  0  0/0     8:15   0:00   0:14 
Michal Kempny            0  0  0  -2  0   1  0  0  0  0  0/0    16:02   0:00   1:39 
Nic Dowd                 0  2  2   0  0   1  1  0  0  0  10/20  10:14   0:00   0:00 
Nino Niederreiter        0  0  0  -1  0   2  2  1  0  0  0/3    23:10   4:05   2:54 
Olli Maatta              0  0  0   0  0   0  2  2  0  0  0/0    20:28   3:47   1:39 
Pierre-Edouard Bellemare 0  0  0  -1  0   1  0  0  0  0  3/10    8:01   0:00   0:00 
Ryan White               0  0  0  -1  2   1  3  0  0  0  0/1     8:00   0:00   0:00 
Tomas Hertl              0  0  0   0  0   5  0  0  0  0  0/1    18:21   3:57   0:38 
Victor Rask              0  0  0   0  0   0  0  0  0  0  5/17   18:21   3:57   0:38 

Players Stats for NEW YORK I

Player Name              G  A  P  +/- PIM S  H  SB GA TA FO     MP     PP MP  PK MP  
------------------------------------------------------------------------------------
Austin Watson            0  1  1  -1  0   2  1  0  0  0  2/2    13:23   0:00   0:00 
Brandon Saad             0  2  2   2  0   4  0  0  0  0  1/5    20:53   1:42   0:00 
Chris VandeVelde         0  0  0   0  0   0  0  0  0  0  0/0     0:00   0:00   0:00 
Dan Hamhuis              0  1  1  -1  0   2  0  0  0  0  0/0    20:01   2:04   3:44 
Esa Lindell              0  0  0   0  0   1  1  2  0  0  0/0    20:33   1:42   0:37 
Jake McCabe              0  0  0   2  0   3  4  2  0  0  0/0    18:36   0:00   3:35 
Jason Garrison           0  0  0   2  2   0  2  1  0  0  0/0    16:12   0:00   1:12 
Johnny Boychuk           0  2  2   1  2   0  4  1  0  0  0/0    23:29   1:42   2:50 
Kyle Clifford            0  0  0   0  0   0  0  0  0  0  1/2     2:04   0:00   2:04 
Logan Couture            1  1  2   2  0   6  2  0  0  0  12/21  17:01   2:04   0:00 
Marcus Foligno           0  0  0  -2  2   3  2  0  0  0  0/0    14:19   0:00   1:41 
Mark Letestu             1  0  1  -1  2   6  0  0  0  0  12/29  16:44   0:00   3:22 
Max Domi                 0  0  0   0  0   0  0  0  0  0  0/0     0:50   0:00   0:50 
Patrick Eaves            2  0  2   2  2   2  4  2  0  0  0/0    17:00   2:04   0:00 
Patrick Maroon           1  0  1   1  0   3  2  0  0  0  1/1    17:42   2:04   0:00 
Radko Gudas              0  1  1   0  0   1  2  0  0  0  0/0    21:07   2:04   4:06 
Ryan Callahan            0  0  0   1  0   1  1  0  0  0  0/0     9:56   0:00   4:58 
Ryan Strome              0  1  1   1  0   6  1  0  0  0  0/0    17:20   1:42   0:00 
Sam Bennett              0  0  0   0  0   1  1  0  0  0  5/5     7:23   0:00   3:09 
Sean Monahan             0  1  1   1  0   4  0  0  0  0  16/23  17:20   1:42   0:00 

3 Stars

1 - Patrick Eaves (NYI)
2 - Logan Couture (NYI)
3 - Brandon Saad (NYI)

Power Play

TORONTO - 1 on 5 Attempt(s) - 20.00%
NEW YORK I - 1 on 2 Attempt(s) - 50.00%

Penalty Kill

TORONTO - 1 on 2 Attempt(s) - 50.00% - Score 0 goal in Penalty Kill
NEW YORK I - 4 on 5 Attempt(s) - 80.00% - Score 0 goal in Penalty Kill

Team Stat

TORONTO - Hits : 19 - Faceoff Wins : 38 - Blocked Shots : 8 - Penalty Minutes : 4
NEW YORK I - Hits : 27 - Faceoff Wins : 50 - Blocked Shots : 8 - Penalty Minutes : 10

Official

Referees : Unknown
Linesman : Unknown

Game Notes

Mark Letestu has scored in a empty net!

Finance

Level 1 -- Attendance: 4318 (71.97%) -- Ticket Income $431,800
Level 2 -- Attendance: 4003 (80.06%) -- Ticket Income $240,180
Level 3 -- Attendance: 2000 (100.00%) -- Ticket Income $70,000
Level 4 -- Attendance: 4000 (100.00%) -- Ticket Income $80,000
Luxury Box -- Attendance: 677 (67.70%) -- Ticket Income $135,400
Game was played at the Nassau Coliseum.
Total Attendance: 14998 (83.32%)
Total Ticket Income: $957,380
Total Income: $957,380

TORONTO

5 vs 5 Forward 
   Center                   Left Wing                Right Wing               Time % Phy DF OF 
 1 Mark Scheifele           Nino Niederreiter        Jarome Iginla            35     1   2  2  
 2 Victor Rask              Tomas Hertl              Brayden Point            30     1   2  2  
 3 Nic Dowd                 Drake Caggiula           Ales Hemsky              25     1   2  2  
 4 Pierre-Edouard Bellemare Matt Hendricks           Ryan White               10     1   2  2  

5 vs 5 Defense 
   Defense                  Defense                                           Time % Phy DF OF 
 1 Brent Seabrook           Joshua Morrissey                                  35     1   2  2  
 2 Olli Maatta              Jake Dotchin                                      30     1   2  2  
 3 Michal Kempny            Mark Borowiecki                                   25     1   2  2  
 4 Brent Seabrook           Joshua Morrissey                                  10     1   2  2  

PowerPlay Forward 
   Center                   Left Wing                Right Wing               Time % Phy DF OF 
 1 Mark Scheifele           Nino Niederreiter        Brayden Point            60     1   2  2  
 2 Victor Rask              Tomas Hertl              Jarome Iginla            40     1   2  2  

PowerPlay Defense
   Defense                  Defense                                           Time % Phy DF OF 
 1 Brent Seabrook           Joshua Morrissey                                  60     1   2  2  
 2 Olli Maatta              Ales Hemsky                                       40     1   2  2  

Penalty Kill 4 Players Forward 
   Center                   Wing                     Time % Phy DF OF 
 1 Mark Scheifele           Nino Niederreiter        60     1   2  2  
 2 Victor Rask              Tomas Hertl              40     1   2  2  

Penalty Kill 4 Players Defense
   Defense                  Defense                  Time % Phy DF OF 
 1 Brent Seabrook           Joshua Morrissey         60     1   2  2  
 2 Olli Maatta              Michal Kempny            40     1   2  2  

Penalty Kill - 3 Players Forward 
   Forward                                           Time % Phy DF OF 
 1 Mark Scheifele                                    60     1   2  2  
 2 Nino Niederreiter                                 40     1   2  2  

Penalty Kill - 3 Players Defense
   Defense                  Defense                  Time % Phy DF OF 
 1 Brent Seabrook           Joshua Morrissey         60     1   2  2  
 2 Olli Maatta              Michal Kempny            40     1   2  2  

4 vs 4 Forward 
   Center                   Wing                     Time % Phy DF OF 
 1 Mark Scheifele           Nino Niederreiter        60     1   2  2  
 2 Victor Rask              Tomas Hertl              40     1   2  2  

4 vs 4 Defense
   Defense                  Defense                  Time % Phy DF OF 
 1 Brent Seabrook           Joshua Morrissey         60     1   2  2  
 2 Olli Maatta              Jake Dotchin             40     1   2  2  

Last Minutes Offensive
   Center                   Left Wing                Right Wing               Defense                  Defense                  
   Mark Scheifele           Nino Niederreiter        Victor Rask              Brent Seabrook           Joshua Morrissey         

Last Minutes Defensive
   Center                   Left Wing                Right Wing               Defense                  Defense                  
   Mark Scheifele           Nino Niederreiter        Jarome Iginla            Brent Seabrook           Olli Maatta              

Goaltenders
Starting : Michal Neuvirth          
Backup : Brian Elliott            

Extra Forwards
Normal : Tomas Hertl, Drake Caggiula, Pierre-Edouard Bellemare - PP : Tomas Hertl, Drake Caggiula - PK : Matt Hendricks
Extra Defensemen
Normal : Michal Kempny, Jake Dotchin, Olli Maatta - PP : Michal Kempny - PK : Jake Dotchin, Olli Maatta
Penalty Shots
Mark Scheifele, Nino Niederreiter, Victor Rask, Tomas Hertl, Jarome Iginla

Scratches
Jan Rutta (Healthy), TOR Cap Hit (Healthy)

NEW YORK I

5 vs 5 Forward 
   Center                   Left Wing                Right Wing               Time % Phy DF OF 
 1 Logan Couture            Brandon Saad             Patrick Eaves            35     1   2  2  
 2 Sean Monahan             Patrick Maroon           Ryan Strome              30     1   2  2  
 3 Mark Letestu             Marcus Foligno           Austin Watson            25     1   2  2  
 4 Sam Bennett              Brandon Saad             Ryan Callahan            10     1   2  2  

5 vs 5 Defense 
   Defense                  Defense                                           Time % Phy DF OF 
 1 Esa Lindell              Johnny Boychuk                                    30     1   2  2  
 2 Dan Hamhuis              Radko Gudas                                       30     1   2  2  
 3 Jake McCabe              Jason Garrison                                    30     1   2  2  
 4 Esa Lindell              Johnny Boychuk                                    10     1   2  2  

PowerPlay Forward 
   Center                   Left Wing                Right Wing               Time % Phy DF OF 
 1 Logan Couture            Patrick Maroon           Patrick Eaves            50     1   2  2  
 2 Sean Monahan             Brandon Saad             Ryan Strome              50     1   2  2  

PowerPlay Defense
   Defense                  Defense                                           Time % Phy DF OF 
 1 Esa Lindell              Johnny Boychuk                                    50     1   2  2  
 2 Radko Gudas              Dan Hamhuis                                       50     1   2  2  

Penalty Kill 4 Players Forward 
   Center                   Wing                     Time % Phy DF OF 
 1 Mark Letestu             Ryan Callahan            60     1   2  2  
 2 Sam Bennett              Marcus Foligno           40     1   2  2  

Penalty Kill 4 Players Defense
   Defense                  Defense                  Time % Phy DF OF 
 1 Radko Gudas              Johnny Boychuk           60     1   2  2  
 2 Jake McCabe              Dan Hamhuis              40     1   2  2  

Penalty Kill - 3 Players Forward 
   Forward                                           Time % Phy DF OF 
 1 Mark Letestu                                      60     1   2  2  
 2 Chris VandeVelde                                  40     1   2  2  

Penalty Kill - 3 Players Defense
   Defense                  Defense                  Time % Phy DF OF 
 1 Radko Gudas              Johnny Boychuk           60     1   2  2  
 2 Jake McCabe              Dan Hamhuis              40     1   2  2  

4 vs 4 Forward 
   Center                   Wing                     Time % Phy DF OF 
 1 Logan Couture            Brandon Saad             60     1   2  2  
 2 Sean Monahan             Patrick Eaves            40     1   2  2  

4 vs 4 Defense
   Defense                  Defense                  Time % Phy DF OF 
 1 Johnny Boychuk           Esa Lindell              60     1   2  2  
 2 Radko Gudas              Dan Hamhuis              40     1   2  2  

Last Minutes Offensive
   Center                   Left Wing                Right Wing               Defense                  Defense                  
   Sean Monahan             Brandon Saad             Patrick Eaves            Esa Lindell              Johnny Boychuk           

Last Minutes Defensive
   Center                   Left Wing                Right Wing               Defense                  Defense                  
   Mark Letestu             Ryan Callahan            Austin Watson            Radko Gudas              Johnny Boychuk           

Goaltenders
Starting : Jacob Markstrom          
Backup : Scott Darling            

Extra Forwards
Normal : Marcus Foligno, Chris VandeVelde, Kyle Clifford - PP : Marcus Foligno, Chris VandeVelde - PK : Kyle Clifford
Extra Defensemen
Normal : Jake McCabe, Jason Garrison, Esa Lindell - PP : Jake McCabe - PK : Jason Garrison, Esa Lindell
Penalty Shots
Sean Monahan, Logan Couture, Patrick Eaves, Brandon Saad, Max Domi

Scratches
NYI CAP HIT (Suspend), Jyrki Jokipakka (Healthy), Brad Hunt (Healthy), Adam Clendening (Healthy)

% Time on Ice - TORONTO

Lines # - Real PCT - Wanted PCT - Time Play
Normal Forward
1 - 33% - 35% - 15:27
2 - 29% - 30% - 13:46
3 - 22% - 25% - 10:14
4 - 17% - 10% - 8:01
Normal Defense
1 - 32% - 35% - 15:24
2 - 32% - 30% - 15:02
3 - 29% - 25% - 13:39
4 - 7% - 10% - 3:23
PP Forward
1 - 51% - 60% - 4:05
2 - 49% - 40% - 3:57
PP Defense
1 - 53% - 60% - 4:15
2 - 47% - 40% - 3:47
PK Forward
1 - 83% - 60% - 3:08
2 - 17% - 40% - 0:38
PK Defense
1 - 56% - 60% - 2:07
2 - 44% - 40% - 1:39
PK3 Forward
1 - 0% - 60%
2 - 0% - 40%
PK3 Defense
1 - 0% - 60%
2 - 0% - 40%
44 Forward
1 - 0% - 60%
2 - 0% - 40%
44 Defense
1 - 0% - 60%
2 - 0% - 40%
Last Minute Offensive  - 0:44
Last Minute Defensive  - 0:00
Total
Forward - 60:00
Defense - 60:00

% Time on Ice - NEW YORK I

Lines # - Real PCT - Wanted PCT - Time Play
Normal Forward
1 - 31% - 35% - 14:57
2 - 33% - 30% - 15:38
3 - 27% - 25% - 12:39
4 - 9% - 10% - 4:14
Normal Defense
1 - 32% - 30% - 14:58
2 - 30% - 30% - 14:13
3 - 32% - 30% - 15:01
4 - 7% - 10% - 3:16
PP Forward
1 - 55% - 50% - 2:04
2 - 45% - 50% - 1:42
PP Defense
1 - 45% - 50% - 1:42
2 - 55% - 50% - 2:04
PK Forward
1 - 72% - 60% - 5:48
2 - 28% - 40% - 2:14
PK Defense
1 - 55% - 60% - 4:27
2 - 45% - 40% - 3:35
PK3 Forward
1 - 0% - 60%
2 - 0% - 40%
PK3 Defense
1 - 0% - 60%
2 - 0% - 40%
44 Forward
1 - 0% - 60%
2 - 0% - 40%
44 Defense
1 - 0% - 60%
2 - 0% - 40%
Last Minute Offensive  - 0:00
Last Minute Defensive  - 0:44
Total
Forward - 60:00
Defense - 60:00

Play by Play

1st period


0:01 of 1st period - Mark Scheifele wins face-off versus Brandon Saad in neutral zone.
0:07 of 1st period - Mark Scheifele is hit by Johnny Boychuk and loses puck.
0:19 of 1st period - Mark Scheifele is hit by Johnny Boychuk and loses puck.
0:54 of 1st period - Brayden Point is hit by Patrick Eaves and loses puck.
1:07 of 1st period - Shot by Tomas Hertl.
1:07 of 1st period - Shot Blocked by Patrick Eaves.
1:09 of 1st period - Shot by Brayden Point.
1:09 of 1st period - Shot Misses the Net.
1:11 of 1st period - Shot by Tomas Hertl.
1:11 of 1st period - Stopped by Jacob Markstrom with a rebound.
1:15 of 1st period - Shot by Tomas Hertl.
1:15 of 1st period - Shot Blocked by Patrick Eaves.
1:17 of 1st period - Shot by Jake Dotchin.
1:17 of 1st period - Stopped by Jacob Markstrom without a rebound.
1:18 of 1st period - Sean Monahan wins face-off versus Nic Dowd in NEW YORK I zone.
1:57 of 1st period - Shot by Ryan Strome.
1:57 of 1st period - Stopped by Michal Neuvirth without a rebound.
1:58 of 1st period - Mark Letestu wins face-off versus Pierre-Edouard Bellemare in TORONTO zone.
2:04 of 1st period - Austin Watson is hit by Brent Seabrook and loses puck.
2:08 of 1st period - Marcus Foligno is hit by Joshua Morrissey and loses puck.
2:23 of 1st period - Shot by Austin Watson.
2:23 of 1st period - Stopped by Michal Neuvirth without a rebound.
2:24 of 1st period - Sam Bennett wins face-off versus Victor Rask in TORONTO zone.
2:24 of 1st period - Sam Bennett is hit by Olli Maatta.
2:30 of 1st period - Shot by Sam Bennett.
2:30 of 1st period - Stopped by Michal Neuvirth without a rebound.
2:31 of 1st period - Sean Monahan wins face-off versus Victor Rask in TORONTO zone.
2:42 of 1st period - Shot by Ryan Strome.
2:42 of 1st period - Deflect By Patrick Maroon.
2:42 of 1st period - Shot Misses the Net.
2:56 of 1st period - Shot by Ryan Strome.
2:56 of 1st period - Shot Misses the Net.
3:04 of 1st period - Shot by Patrick Maroon.
3:04 of 1st period - Shot Misses the Net.
3:06 of 1st period - Shot by Ryan Strome.
3:06 of 1st period - Shot Blocked by Olli Maatta.
3:12 of 1st period - Shot by Sean Monahan.
3:12 of 1st period - Shot Misses the Net.
3:21 of 1st period - Tomas Hertl is hit by Esa Lindell and loses puck.
4:24 of 1st period - Shot by Mark Scheifele.
4:24 of 1st period - Deflect By Nino Niederreiter.
4:24 of 1st period - Stopped by Jacob Markstrom without a rebound.
4:25 of 1st period - Nic Dowd wins face-off versus Brandon Saad in NEW YORK I zone.
4:25 of 1st period - Mark Borowiecki is hit by Jake McCabe and loses puck.
4:52 of 1st period - Shot by Jake McCabe.
4:52 of 1st period - Stopped by Michal Neuvirth with a rebound.
5:22 of 1st period - Shot by Patrick Maroon.
5:22 of 1st period - Stopped by Michal Neuvirth without a rebound.
5:23 of 1st period - Mark Scheifele wins face-off versus Mark Letestu in TORONTO zone.
5:43 of 1st period - Johnny Boychuk is hit by Jarome Iginla and loses puck.
6:50 of 1st period - Shot by Sean Monahan.
6:50 of 1st period - Stopped by Michal Neuvirth without a rebound.
6:51 of 1st period - Logan Couture wins face-off versus Victor Rask in TORONTO zone.
6:52 of 1st period - Shot by Patrick Eaves.
6:52 of 1st period - Shot Blocked by Olli Maatta.
7:24 of 1st period - Icing by Logan Couture.
7:25 of 1st period - Logan Couture wins face-off versus Ales Hemsky in NEW YORK I zone.
7:32 of 1st period - Shot by Patrick Eaves.
7:32 of 1st period - Goal by Patrick Eaves - TORONTO : 0 - NEW YORK I : 1.
7:33 of 1st period - Sean Monahan wins face-off versus Pierre-Edouard Bellemare in neutral zone.
7:38 of 1st period - Shot by Ryan Strome.
7:38 of 1st period - Stopped by Michal Neuvirth with a rebound.
7:46 of 1st period - Shot by Pierre-Edouard Bellemare.
7:46 of 1st period - Shot Misses the Net.
7:48 of 1st period - Shot by Mark Borowiecki.
7:48 of 1st period - Stopped by Jacob Markstrom with a rebound.
7:50 of 1st period - Shot by Matt Hendricks.
7:50 of 1st period - Stopped by Jacob Markstrom without a rebound.
7:51 of 1st period - Austin Watson wins face-off versus Nic Dowd in NEW YORK I zone.
8:06 of 1st period - Shot by Drake Caggiula.
8:06 of 1st period - Shot Misses the Net.
8:10 of 1st period - Shot by Nic Dowd.
8:10 of 1st period - Shot Misses the Net.
8:12 of 1st period - Shot by Brent Seabrook.
8:12 of 1st period - Shot Misses the Net.
8:14 of 1st period - Shot by Brent Seabrook.
8:14 of 1st period - Goal by Brent Seabrook - TORONTO : 1 - NEW YORK I : 1.
8:15 of 1st period - Sam Bennett wins face-off versus Nino Niederreiter in neutral zone.
8:20 of 1st period - Shot by Brandon Saad.
8:20 of 1st period - Shot Hit the Post.
8:30 of 1st period - Shot by Ryan Callahan.
8:30 of 1st period - Stopped by Michal Neuvirth without a rebound.
8:31 of 1st period - Pierre-Edouard Bellemare wins face-off versus Sean Monahan in TORONTO zone.
8:44 of 1st period - Off-side.
8:45 of 1st period - Logan Couture wins face-off versus Mark Scheifele in neutral zone.
8:48 of 1st period - Minor Penalty to Patrick Eaves for Hooking.
8:49 of 1st period - Mark Scheifele wins face-off versus Mark Letestu in NEW YORK I zone.
10:01 of 1st period - Shot by Jarome Iginla.
10:01 of 1st period - Stopped by Jacob Markstrom without a rebound.
10:02 of 1st period - Victor Rask wins face-off versus Mark Letestu in NEW YORK I zone.
10:21 of 1st period - Off-side.
10:22 of 1st period - Mark Scheifele wins face-off versus Mark Letestu in neutral zone.
10:32 of 1st period - Mark Letestu is hit by Nino Niederreiter and loses puck.
10:58 of 1st period - Icing by Matt Hendricks.
10:59 of 1st period - Pierre-Edouard Bellemare wins face-off versus Sean Monahan in TORONTO zone.
11:04 of 1st period - Shot by Michal Kempny.
11:04 of 1st period - Shot Blocked by Jason Garrison.
11:53 of 1st period - Shot by Logan Couture.
11:53 of 1st period - Stopped by Michal Neuvirth without a rebound.
11:54 of 1st period - Mark Scheifele wins face-off versus Logan Couture in TORONTO zone.
11:56 of 1st period - Icing by Brent Seabrook.
11:57 of 1st period - Logan Couture wins face-off versus Mark Scheifele in TORONTO zone.
12:00 of 1st period - Shot by Patrick Eaves.
12:00 of 1st period - Shot Misses the Net.
12:02 of 1st period - Shot by Brandon Saad.
12:02 of 1st period - Stopped by Michal Neuvirth with a rebound.
12:04 of 1st period - Shot by Radko Gudas.
12:04 of 1st period - Stopped by Michal Neuvirth without a rebound.
12:05 of 1st period - Mark Scheifele wins face-off versus Logan Couture in TORONTO zone.
13:30 of 1st period - Shot by Drake Caggiula.
13:30 of 1st period - Deflect By Ales Hemsky.
13:30 of 1st period - Goal by Ales Hemsky - TORONTO : 2 - NEW YORK I : 1.
13:31 of 1st period - Brayden Point wins face-off versus Sean Monahan in neutral zone.
13:49 of 1st period - Shot by Brayden Point.
13:49 of 1st period - Shot Misses the Net.
14:32 of 1st period - Jarome Iginla is hit by Jake McCabe and loses puck.
15:26 of 1st period - Off-side.
15:27 of 1st period - Logan Couture wins face-off versus Pierre-Edouard Bellemare in neutral zone.
15:27 of 1st period - Brandon Saad is hit by Ryan White and loses puck.
15:46 of 1st period - Shot by Matt Hendricks.
15:46 of 1st period - Stopped by Jacob Markstrom with a rebound.
15:48 of 1st period - Shot by Pierre-Edouard Bellemare.
15:48 of 1st period - Shot Misses the Net.
15:50 of 1st period - Shot by Ryan White.
15:50 of 1st period - Stopped by Jacob Markstrom with a rebound.
15:52 of 1st period - Shot by Olli Maatta.
15:52 of 1st period - Shot Hit the Post.
16:10 of 1st period - Tomas Hertl is hit by Logan Couture and loses puck.
17:25 of 1st period - Shot by Brandon Saad.
17:25 of 1st period - Stopped by Michal Neuvirth without a rebound.
17:26 of 1st period - Logan Couture wins face-off versus Mark Scheifele in TORONTO zone.
17:49 of 1st period - Shot by Logan Couture.
17:49 of 1st period - Stopped by Michal Neuvirth without a rebound.
17:50 of 1st period - Mark Letestu wins face-off versus Nic Dowd in TORONTO zone.
17:55 of 1st period - Shot by Marcus Foligno.
17:55 of 1st period - Stopped by Michal Neuvirth without a rebound.
17:56 of 1st period - Nic Dowd wins face-off versus Mark Letestu in TORONTO zone.
17:56 of 1st period - Nic Dowd is hit by Austin Watson.
18:07 of 1st period - Off-side.
18:08 of 1st period - Mark Scheifele wins face-off versus Sean Monahan in neutral zone.
18:14 of 1st period - Icing by Jake McCabe.
18:15 of 1st period - Sean Monahan wins face-off versus Mark Scheifele in NEW YORK I zone.
18:23 of 1st period - Icing by Jason Garrison.
18:24 of 1st period - Sean Monahan wins face-off versus Mark Scheifele in NEW YORK I zone.
18:24 of 1st period - Jake McCabe is hit by Nino Niederreiter and loses puck.
19:23 of 1st period - Shot by Logan Couture.
19:23 of 1st period - Stopped by Michal Neuvirth with a rebound.
19:39 of 1st period - Icing by Esa Lindell.
19:40 of 1st period - Nic Dowd wins face-off versus Logan Couture in NEW YORK I zone.
19:44 of 1st period - Ales Hemsky is hit by Johnny Boychuk and loses puck.
19:59 of 1st period - Shot by Logan Couture.
19:59 of 1st period - Goal by Logan Couture - TORONTO : 2 - NEW YORK I : 2.
Goals for this period are 2 for TORONTO vs 2 for NEW YORK I.
Shots for this period are 10 for TORONTO vs 17 for NEW YORK I.

2nd period


0:01 of 2nd period - Nic Dowd wins face-off versus Mark Letestu in neutral zone.
0:22 of 2nd period - Radko Gudas is hit by Joshua Morrissey and loses puck.
0:26 of 2nd period - Icing by Joshua Morrissey.
0:27 of 2nd period - Logan Couture wins face-off versus Nic Dowd in TORONTO zone.
0:27 of 2nd period - Brandon Saad is hit by Brent Seabrook and loses puck.
1:11 of 2nd period - Shot by Brandon Saad.
1:11 of 2nd period - Shot Misses the Net.
1:23 of 2nd period - Shot by Tomas Hertl.
1:23 of 2nd period - Shot Misses the Net.
1:39 of 2nd period - Shot by Austin Watson.
1:39 of 2nd period - Stopped by Michal Neuvirth without a rebound.
1:40 of 2nd period - Sean Monahan wins face-off versus Mark Scheifele in TORONTO zone.
1:40 of 2nd period - Sean Monahan is hit by Mark Borowiecki.
1:54 of 2nd period - Shot by Jarome Iginla.
1:54 of 2nd period - Stopped by Jacob Markstrom without a rebound.
1:55 of 2nd period - Mark Letestu wins face-off versus Pierre-Edouard Bellemare in NEW YORK I zone.
2:02 of 2nd period - Matt Hendricks is hit by Marcus Foligno and loses puck.
2:48 of 2nd period - Joshua Morrissey is hit by Sam Bennett and loses puck.
3:21 of 2nd period - Shot by Sam Bennett.
3:21 of 2nd period - Shot Blocked by Brent Seabrook.
3:39 of 2nd period - Ryan Strome is hit by Ryan White and loses puck.
3:54 of 2nd period - Shot by Sean Monahan.
3:54 of 2nd period - Stopped by Michal Neuvirth with a rebound.
3:56 of 2nd period - Shot by Ryan Strome.
3:56 of 2nd period - Deflect By Patrick Maroon.
3:56 of 2nd period - Goal by Patrick Maroon - TORONTO : 2 - NEW YORK I : 3.
3:57 of 2nd period - Mark Scheifele wins face-off versus Mark Letestu in neutral zone.
4:59 of 2nd period - Icing by Jake McCabe.
5:00 of 2nd period - Patrick Maroon wins face-off versus Victor Rask in NEW YORK I zone.
5:10 of 2nd period - Tomas Hertl is hit by Jake McCabe and loses puck.
5:25 of 2nd period - Shot by Patrick Maroon.
5:25 of 2nd period - Deflect By Sean Monahan.
5:25 of 2nd period - Stopped by Michal Neuvirth without a rebound.
5:26 of 2nd period - Logan Couture wins face-off versus Nic Dowd in TORONTO zone.
5:27 of 2nd period - Shot by Brandon Saad.
5:27 of 2nd period - Stopped by Michal Neuvirth without a rebound.
5:28 of 2nd period - Nic Dowd wins face-off versus Logan Couture in TORONTO zone.
5:28 of 2nd period - Nic Dowd is hit by Patrick Eaves.
6:45 of 2nd period - Shot by Marcus Foligno.
6:45 of 2nd period - Stopped by Michal Neuvirth without a rebound.
6:46 of 2nd period - Sean Monahan wins face-off versus Mark Scheifele in TORONTO zone.
6:46 of 2nd period - Sean Monahan is hit by Joshua Morrissey.
6:48 of 2nd period - Shot by Patrick Maroon.
6:48 of 2nd period - Shot Misses the Net.
6:56 of 2nd period - Shot by Patrick Maroon.
6:56 of 2nd period - Stopped by Michal Neuvirth without a rebound.
6:57 of 2nd period - Sean Monahan wins face-off versus Victor Rask in TORONTO zone.
7:22 of 2nd period - Shot by Sean Monahan.
7:22 of 2nd period - Stopped by Michal Neuvirth with a rebound.
7:24 of 2nd period - Shot by Ryan Strome.
7:24 of 2nd period - Stopped by Michal Neuvirth without a rebound.
7:25 of 2nd period - Mark Scheifele wins face-off versus Brandon Saad in TORONTO zone.
7:34 of 2nd period - Shot by Logan Couture.
7:34 of 2nd period - Shot Misses the Net.
7:36 of 2nd period - Shot by Logan Couture.
7:36 of 2nd period - Stopped by Michal Neuvirth without a rebound.
7:37 of 2nd period - Mark Letestu wins face-off versus Pierre-Edouard Bellemare in TORONTO zone.
7:44 of 2nd period - Shot by Mark Letestu.
7:44 of 2nd period - Stopped by Michal Neuvirth without a rebound.
7:45 of 2nd period - Mark Scheifele wins face-off versus Brandon Saad in TORONTO zone.
7:45 of 2nd period - Mark Scheifele is hit by Patrick Eaves.
7:53 of 2nd period - Shot by Brandon Saad.
7:53 of 2nd period - Shot Blocked by Jarome Iginla.
7:55 of 2nd period - Shot by Patrick Eaves.
7:55 of 2nd period - Deflect By Logan Couture.
7:55 of 2nd period - Stopped by Michal Neuvirth without a rebound.
7:56 of 2nd period - Victor Rask wins face-off versus Mark Letestu in TORONTO zone.
8:25 of 2nd period - Shot by Mark Letestu.
8:25 of 2nd period - Deflect By Marcus Foligno.
8:25 of 2nd period - Stopped by Michal Neuvirth without a rebound.
8:26 of 2nd period - Logan Couture wins face-off versus Mark Scheifele in TORONTO zone.
9:06 of 2nd period - Shot by Brandon Saad.
9:06 of 2nd period - Stopped by Michal Neuvirth without a rebound.
9:07 of 2nd period - Victor Rask wins face-off versus Mark Letestu in TORONTO zone.
9:07 of 2nd period - Brayden Point is hit by Marcus Foligno and loses puck.
9:44 of 2nd period - Shot by Brayden Point.
9:44 of 2nd period - Stopped by Jacob Markstrom with a rebound.
9:46 of 2nd period - Shot by Brent Seabrook.
9:46 of 2nd period - Stopped by Jacob Markstrom without a rebound.
9:47 of 2nd period - Nic Dowd wins face-off versus Sean Monahan in NEW YORK I zone.
9:48 of 2nd period - Shot by Drake Caggiula.
9:48 of 2nd period - Shot Blocked by Jake McCabe.
9:50 of 2nd period - Shot by Nic Dowd.
9:50 of 2nd period - Shot Misses the Net.
10:08 of 2nd period - Shot by Nic Dowd.
10:08 of 2nd period - Stopped by Jacob Markstrom with a rebound.
10:12 of 2nd period - Shot by Ales Hemsky.
10:12 of 2nd period - Shot Blocked by Jake McCabe.
10:14 of 2nd period - Shot by Nic Dowd.
10:14 of 2nd period - Shot Misses the Net.
10:16 of 2nd period - Shot by Mark Borowiecki.
10:16 of 2nd period - Shot Misses the Net.
10:18 of 2nd period - Shot by Michal Kempny.
10:18 of 2nd period - Stopped by Jacob Markstrom without a rebound.
10:19 of 2nd period - Jarome Iginla wins face-off versus Logan Couture in NEW YORK I zone.
10:22 of 2nd period - Shot by Nino Niederreiter.
10:22 of 2nd period - Shot Blocked by Esa Lindell.
10:34 of 2nd period - Jarome Iginla is hit by Logan Couture and loses puck.
10:45 of 2nd period - Logan Couture is hit by Jarome Iginla and loses puck.
11:51 of 2nd period - Shot by Patrick Maroon.
11:51 of 2nd period - Shot Misses the Net.
12:05 of 2nd period - Shot by Ryan Strome.
12:05 of 2nd period - Stopped by Michal Neuvirth without a rebound.
12:06 of 2nd period - Mark Letestu wins face-off versus Nic Dowd in TORONTO zone.
12:14 of 2nd period - Marcus Foligno is hit by Mark Borowiecki and loses puck.
12:25 of 2nd period - Shot by Jake McCabe.
12:25 of 2nd period - Stopped by Michal Neuvirth without a rebound.
12:26 of 2nd period - Sean Monahan wins face-off versus Ryan White in TORONTO zone.
12:40 of 2nd period - Icing by Jake Dotchin.
12:41 of 2nd period - Austin Watson wins face-off versus Pierre-Edouard Bellemare in TORONTO zone.
12:54 of 2nd period - Off-side.
12:55 of 2nd period - Mark Scheifele wins face-off versus Sean Monahan in neutral zone.
13:27 of 2nd period - Shot by Jarome Iginla.
13:27 of 2nd period - Shot Misses the Net.
15:09 of 2nd period - Shot by Tomas Hertl.
15:09 of 2nd period - Stopped by Jacob Markstrom with a rebound.
15:11 of 2nd period - Shot by Victor Rask.
15:11 of 2nd period - Shot Misses the Net.
15:13 of 2nd period - Shot by Michal Kempny.
15:13 of 2nd period - Deflect By Tomas Hertl.
15:13 of 2nd period - Stopped by Jacob Markstrom without a rebound.
15:14 of 2nd period - Mark Letestu wins face-off versus Mark Scheifele in NEW YORK I zone.
15:22 of 2nd period - Off-side.
15:23 of 2nd period - Sean Monahan wins face-off versus Nino Niederreiter in neutral zone.
15:31 of 2nd period - Shot by Sean Monahan.
15:31 of 2nd period - Shot Misses the Net.
15:33 of 2nd period - Shot by Patrick Maroon.
15:33 of 2nd period - Shot Misses the Net.
15:35 of 2nd period - Shot by Ryan Strome.
15:35 of 2nd period - Stopped by Michal Neuvirth without a rebound.
15:36 of 2nd period - Mark Letestu wins face-off versus Victor Rask in TORONTO zone.
15:47 of 2nd period - Shot by Mark Letestu.
15:47 of 2nd period - Stopped by Michal Neuvirth without a rebound.
15:48 of 2nd period - Sam Bennett wins face-off versus Mark Scheifele in TORONTO zone.
16:03 of 2nd period - Shot by Nino Niederreiter.
16:03 of 2nd period - Stopped by Jacob Markstrom with a rebound.
16:05 of 2nd period - Shot by Jarome Iginla.
16:05 of 2nd period - Stopped by Jacob Markstrom without a rebound.
16:06 of 2nd period - Victor Rask wins face-off versus Mark Letestu in NEW YORK I zone.
16:07 of 2nd period - Shot by Olli Maatta.
16:07 of 2nd period - Shot Misses the Net.
16:18 of 2nd period - Mark Letestu is hit by Olli Maatta and loses puck.
16:25 of 2nd period - Shot by Mark Letestu.
16:25 of 2nd period - Stopped by Michal Neuvirth without a rebound.
16:26 of 2nd period - Brandon Saad wins face-off versus Mark Scheifele in TORONTO zone.
16:55 of 2nd period - Icing by Mark Scheifele.
16:56 of 2nd period - Sean Monahan wins face-off versus Mark Scheifele in TORONTO zone.
17:47 of 2nd period - Brayden Point is hit by Ryan Strome and loses puck.
17:57 of 2nd period - Brayden Point is hit by Patrick Eaves and loses puck.
18:19 of 2nd period - Icing by Brandon Saad.
18:20 of 2nd period - Nic Dowd wins face-off versus Logan Couture in NEW YORK I zone.
18:20 of 2nd period - Nic Dowd is hit by Jason Garrison.
18:22 of 2nd period - Shot by Drake Caggiula.
18:22 of 2nd period - Stopped by Jacob Markstrom without a rebound.
18:23 of 2nd period - Nic Dowd wins face-off versus Mark Letestu in NEW YORK I zone.
18:23 of 2nd period - Nic Dowd is hit by Radko Gudas.
18:36 of 2nd period - Minor Penalty to Drake Caggiula for Hooking.
18:37 of 2nd period - Mark Scheifele wins face-off versus Logan Couture in TORONTO zone.
18:37 of 2nd period - Mark Scheifele is hit by Patrick Maroon.
19:33 of 2nd period - Shot by Mark Scheifele.
19:33 of 2nd period - Shot Misses the Net.
Goals for this period are 0 for TORONTO vs 1 for NEW YORK I.
Shots for this period are 10 for TORONTO vs 19 for NEW YORK I.

3rd period


0:01 of 3rd period - Mark Scheifele wins face-off versus Sean Monahan in neutral zone.
0:36 of 3rd period - Icing by Ryan Strome.
0:37 of 3rd period - Mark Letestu wins face-off versus Nic Dowd in NEW YORK I zone.
0:51 of 3rd period - Shot by Mark Letestu.
0:51 of 3rd period - Shot Blocked by Jake Dotchin.
0:53 of 3rd period - Shot by Radko Gudas.
0:53 of 3rd period - Shot Hit the Post.
0:55 of 3rd period - Shot by Dan Hamhuis.
0:55 of 3rd period - Stopped by Michal Neuvirth without a rebound.
0:56 of 3rd period - Logan Couture wins face-off versus Victor Rask in TORONTO zone.
1:13 of 3rd period - Shot by Tomas Hertl.
1:13 of 3rd period - Stopped by Jacob Markstrom without a rebound.
1:14 of 3rd period - Mark Scheifele wins face-off versus Mark Letestu in NEW YORK I zone.
1:45 of 3rd period - Shot by Nino Niederreiter.
1:45 of 3rd period - Shot Blocked by Esa Lindell.
1:47 of 3rd period - Shot by Mark Scheifele.
1:47 of 3rd period - Shot Misses the Net.
1:49 of 3rd period - Shot by Nino Niederreiter.
1:49 of 3rd period - Shot Misses the Net.
1:51 of 3rd period - Shot by Jarome Iginla.
1:51 of 3rd period - Stopped by Jacob Markstrom without a rebound.
1:52 of 3rd period - Nic Dowd wins face-off versus Logan Couture in NEW YORK I zone.
2:04 of 3rd period - Icing by Dan Hamhuis.
2:05 of 3rd period - Logan Couture wins face-off versus Victor Rask in NEW YORK I zone.
2:11 of 3rd period - Icing by Olli Maatta.
2:12 of 3rd period - Sam Bennett wins face-off versus Tomas Hertl in TORONTO zone.
2:19 of 3rd period - Shot by Brandon Saad.
2:19 of 3rd period - Shot Misses the Net.
3:35 of 3rd period - Jarome Iginla is hit by Ryan Callahan and loses puck.
3:55 of 3rd period - Shot by Sean Monahan.
3:55 of 3rd period - Shot Misses the Net.
3:57 of 3rd period - Shot by Sean Monahan.
3:57 of 3rd period - Shot Misses the Net.
3:59 of 3rd period - Shot by Jake McCabe.
3:59 of 3rd period - Stopped by Michal Neuvirth without a rebound.
4:00 of 3rd period - Nic Dowd wins face-off versus Mark Letestu in TORONTO zone.
4:05 of 3rd period - Shot by Mark Letestu.
4:05 of 3rd period - Stopped by Michal Neuvirth with a rebound.
4:07 of 3rd period - Shot by Mark Letestu.
4:07 of 3rd period - Shot Blocked by Ales Hemsky.
4:09 of 3rd period - Shot by Mark Letestu.
4:09 of 3rd period - Stopped by Michal Neuvirth without a rebound.
4:10 of 3rd period - Sean Monahan wins face-off versus Pierre-Edouard Bellemare in TORONTO zone.
4:22 of 3rd period - Jake McCabe is hit by Mark Borowiecki.
4:33 of 3rd period - Michal Kempny is hit by Jake McCabe and loses puck.
4:39 of 3rd period - Minor Penalty to Ryan White for Interference.
4:40 of 3rd period - Logan Couture wins face-off versus Nino Niederreiter in TORONTO zone.
5:20 of 3rd period - Shot by Dan Hamhuis.
5:20 of 3rd period - Stopped by Michal Neuvirth without a rebound.
5:21 of 3rd period - Sean Monahan wins face-off versus Mark Scheifele in TORONTO zone.
5:24 of 3rd period - Shot by Ryan Strome.
5:24 of 3rd period - Shot Blocked by Mark Scheifele.
5:26 of 3rd period - Shot by Johnny Boychuk.
5:26 of 3rd period - Shot Misses the Net.
5:28 of 3rd period - Shot by Johnny Boychuk.
5:28 of 3rd period - Shot Misses the Net.
5:30 of 3rd period - Shot by Johnny Boychuk.
5:30 of 3rd period - Shot Misses the Net.
5:32 of 3rd period - Shot by Esa Lindell.
5:32 of 3rd period - Stopped by Michal Neuvirth with a rebound.
5:34 of 3rd period - Shot by Brandon Saad.
5:34 of 3rd period - Shot Misses the Net.
5:36 of 3rd period - Shot by Sean Monahan.
5:36 of 3rd period - Shot Blocked by Nino Niederreiter.
6:26 of 3rd period - Shot by Patrick Eaves.
6:26 of 3rd period - Goal by Patrick Eaves - TORONTO : 2 - NEW YORK I : 4.
6:27 of 3rd period - Mark Letestu wins face-off versus Nic Dowd in neutral zone.
6:32 of 3rd period - Minor Penalty to Marcus Foligno for Hooking.
6:33 of 3rd period - Mark Letestu wins face-off versus Victor Rask in NEW YORK I zone.
8:32 of 3rd period - Shot by Victor Rask.
8:32 of 3rd period - Shot Misses the Net.
8:34 of 3rd period - Shot by Matt Hendricks.
8:34 of 3rd period - Shot Misses the Net.
8:48 of 3rd period - Shot by Pierre-Edouard Bellemare.
8:48 of 3rd period - Stopped by Jacob Markstrom without a rebound.
8:49 of 3rd period - Sean Monahan wins face-off versus Nic Dowd in NEW YORK I zone.
9:02 of 3rd period - Sean Monahan is hit by Nic Dowd and loses puck.
9:50 of 3rd period - Shot by Joshua Morrissey.
9:50 of 3rd period - Shot Misses the Net.
10:21 of 3rd period - Off-side.
10:22 of 3rd period - Mark Scheifele wins face-off versus Mark Letestu in neutral zone.
10:34 of 3rd period - Jarome Iginla is hit by Jason Garrison and loses puck.
10:41 of 3rd period - Shot by Mark Scheifele.
10:41 of 3rd period - Shot Misses the Net.
11:06 of 3rd period - Minor Penalty to Mark Letestu for Hooking.
11:07 of 3rd period - Victor Rask wins face-off versus Kyle Clifford in NEW YORK I zone.
11:35 of 3rd period - Off-side.
11:36 of 3rd period - Kyle Clifford wins face-off versus Mark Scheifele in neutral zone.
11:49 of 3rd period - Shot by Ales Hemsky.
11:49 of 3rd period - Stopped by Jacob Markstrom with a rebound.
12:55 of 3rd period - Shot by Tomas Hertl.
12:55 of 3rd period - Stopped by Jacob Markstrom without a rebound.
12:56 of 3rd period - Sam Bennett wins face-off versus Victor Rask in NEW YORK I zone.
13:07 of 3rd period - Logan Couture is hit by Ryan White and loses puck.
13:12 of 3rd period - Shot by Pierre-Edouard Bellemare.
13:12 of 3rd period - Shot Misses the Net.
13:15 of 3rd period - Pierre-Edouard Bellemare is hit by Radko Gudas and loses puck.
15:00 of 3rd period - Shot by Ryan Strome.
15:00 of 3rd period - Stopped by Michal Neuvirth without a rebound.
15:01 of 3rd period - Sean Monahan wins face-off versus Nic Dowd in TORONTO zone.
15:07 of 3rd period - Ales Hemsky is hit by Patrick Maroon and loses puck.
15:17 of 3rd period - Minor Penalty to Jason Garrison for Hooking.
15:18 of 3rd period - Mark Scheifele wins face-off versus Mark Letestu in NEW YORK I zone.
15:21 of 3rd period - Shot by Brayden Point.
15:21 of 3rd period - Shot Blocked by Johnny Boychuk.
15:23 of 3rd period - Shot by Brayden Point.
15:23 of 3rd period - Goal by Brayden Point - TORONTO : 3 - NEW YORK I : 4.
15:24 of 3rd period - Sean Monahan wins face-off versus Mark Scheifele in neutral zone.
15:51 of 3rd period - Shot by Jarome Iginla.
15:51 of 3rd period - Stopped by Jacob Markstrom with a rebound.
16:28 of 3rd period - Icing by Joshua Morrissey.
16:29 of 3rd period - Mark Letestu wins face-off versus Victor Rask in TORONTO zone.
16:29 of 3rd period - Austin Watson is hit by Joshua Morrissey and loses puck.
16:47 of 3rd period - Brayden Point is hit by Johnny Boychuk and loses puck.
17:15 of 3rd period - Minor Penalty to Johnny Boychuk for Goalie Interference.
17:16 of 3rd period - Mark Scheifele wins face-off versus Mark Letestu in NEW YORK I zone.
18:37 of 3rd period - Shot by Brent Seabrook.
18:37 of 3rd period - Stopped by Jacob Markstrom without a rebound.
18:38 of 3rd period - Mark Letestu wins face-off versus Victor Rask in NEW YORK I zone.
19:13 of 3rd period - Off-side.
19:14 of 3rd period - Mark Scheifele wins face-off versus Mark Letestu in neutral zone.
19:17 of 3rd period - TORONTO, Michal Neuvirth is pulled from the net.
19:58 of 3rd period - Shot by Mark Letestu.
19:58 of 3rd period - Goal by Mark Letestu - TORONTO : 3 - NEW YORK I : 5.
19:58 of 3rd period - Michal Neuvirth from TORONTO was sent back in the game.
19:59 of 3rd period - Pierre-Edouard Bellemare wins face-off versus Logan Couture in neutral zone.
Goals for this period are 1 for TORONTO vs 2 for NEW YORK I.
Shots for this period are 8 for TORONTO vs 9 for NEW YORK I.